 Dungeon Crawl Stone Soup version 0.28-a0-1389-gc726bef33b (webtiles) character file.

Game seed: 16838664566704375267

2657 Deminshera the Fighter (level 9, -2/129 HPs)
             Began as an Ogre Summoner on Jan 3, 2022.
             Was a Believer of Hepliaklqana.
             Slain by Harold (4 damage)
             ... on level 7 of the Dungeon.
             The game lasted 00:14:35 (9697 turns).

Deminshera the Fighter (Ogre Summoner)              Turns: 9697, Time: 00:14:36

Health: -2/129     AC: 24    Str: 14    XL:     9   Next: 62%
Magic:  5/19       EV:  1    Int: 20    God:    Hepliaklqana [**....]
Gold:   328        SH:  5    Dex:  9    Spells: 12/22 levels left

rFire   . . .      SeeInvis .   p - +0 trident
rCold   . . .      Faith    .   (no shield)
rNeg    . . .      Spirit   .   (armour currently unavailable)
rPois   +          Reflect  +   (helmet currently unavailable)
rElec   .          Harm     .   (cloak currently unavailable)
rCorr   .          Rampage  .   (gloves unavailable)
Will    .....      NoTele   +   (boots unavailable)
Stlth   ++........              b - amulet of reflection
HPRegen 0.31/turn               (no ring)
MPRegen 0.16/turn               (no ring)

@: brilliant, tree-form, weak-willed, marked
A: stationary, stasis, torment immunity, boosted hp, reduced essence, large,
unfitting armour, (tough skin 1), screaming 1
a: Renounce Religion, Recall Ancestor, Ancestor Identity


You were on level 7 of the Dungeon.
You worshipped Hepliaklqana.
Hepliaklqana was pleased with you.
You were a tree.
You visited 2 branches of the dungeon, and saw 8 of its levels.

You collected 328 gold pieces.

Inventory:

Hand Weapons
 m - the +6 mace "Joor" {flame, rN+ rCorr}
   (You found it on level 3 of the Dungeon)

   It burns those it strikes, dealing additional fire damage.
   rN:        It protects you from negative energy.
   rCorr:     It protects you from acid and corrosion.
 p - a +0 trident (weapon)
Armour
 a - a +1 robe (melded)
Jewellery
 b - an amulet of reflection (around neck)
Wands
 t - a wand of charming (7)
Scrolls
 n - a scroll of enchant armour
 r - a scroll of amnesia
 s - a scroll of identify
Potions
 c - 2 potions of curing {unknown}
 d - a potion of might {unknown}
 f - 2 potions of magic {unknown}
 g - 2 potions of heal wounds {unknown}
 h - 2 potions of lignification
 l - 4 potions of brilliance
 q - 2 potions of mutation


   Skills:
 - Level 8.0 Fighting
 - Level 2.0 Dodging
 - Level 2.0 Stealth
 - Level 7.0 Spellcasting
 - Level 7.0 Summonings
 - Level 5.0 Air Magic
 + Level 3.6 Invocations


You had 12 spell levels left.
You knew the following spells:

 Your Spells              Type           Power      Damage    Failure   Level
a - Summon Small Mammal   Summ           100%       N/A       1%          1
b - Call Imp              Summ           51%        N/A       1%          2
c - Call Canine Familiar  Summ           51%        N/A       1%          3
d - Summon Lightning Spi  Summ/Air       46%        N/A       8%          4

Your spell library contained the following spells:

 Spells                   Type           Power      Damage    Failure   Level
 Summon Guardian Golem    Hex/Summ       31%        N/A       7%          3
 Confusing Touch          Hex            10%        N/A       28%         3
 Yara's Violent Unravell  Hex/Tmut       5%         3d4       95%         5
 Enfeeble                 Hex            5%         N/A       100%        7


Dungeon Overview and Level Annotations

Branches:
Dungeon (7/15)             Temple (1/1) D:4

Altars:
Ashenzari
Dithmenos
Elyvilon
Fedhas
Gozag
Hepliaklqana
Kikubaaqudgha
Makhleb
Nemelex Xobeh
Okawaru
Qazlal
Ru
Sif Muna
Trog
Uskayaw
Vehumet
Wu Jian
Xom
Yredelemnul
Zin
The Shining One
Lugonu

Annotations:
D:7 Harold


Innate Abilities, Weirdness & Mutations

You are a tree.
Your roots penetrate the ground, keeping you stationary.
You cannot be teleported.
You are immune to unholy pain and torment.
Your maximum health is greatly increased.
Your equipment is partially melded.
Your life essence is reduced to manifest your ancestor. (-10% HP)
You are too large for most types of armour.
((You have tough skin. (AC +1)))
You occasionally shout uncontrollably at your foes.


Message History

As you read the scroll labelled XUIDIUV MOROSHRUUD, it crumbles to dust.
It is a scroll of identify.
r - a scroll of amnesia
As you read the scroll labelled SEGHIE QEILO, it crumbles to dust.
The air around you briefly surges with heat, but it dissipates.
It was a scroll of immolation.
Okay, then.
As you read the scroll labelled CUPOMICYDA, it crumbles to dust.
The scroll dissolves into smoke.
It was a scroll of fog.
As you read the scroll labelled GITOJOI IFOMPUNG, it crumbles to dust.
It is a scroll of enchant armour.
Your +0 robe glows green for a moment.
As you read the scroll labelled LUPHEMASHRUBANN, it crumbles to dust.
You feel strangely unstable.
It was a scroll of teleportation.
Your surroundings suddenly seem different.
You start resting.
Harold is nearby!
Harold fires a harpoon shot at you. The harpoon shot hits you!
* * * LOW HITPOINT WARNING * * *
You are yanked forward by the harpoon shot.
As you read the scroll labelled ATWAALO TOLAXI, it crumbles to dust.
Magic quickly surges around you.
It was a scroll of vulnerability.
Harold hits you with a +0 trident!
* * * LOW HITPOINT WARNING * * *
As you read the scroll labelled TIUGRA NINE, it crumbles to dust.
You feel aware of your surroundings.
It was a scroll of magic mapping.
Harold hits you with a +0 trident!
* * * LOW HITPOINT WARNING * * *
It was a potion of brilliance.
You feel clever all of a sudden. Harold hits you with a +0 trident.
* * * LOW HITPOINT WARNING * * *
It was a potion of mutation.
You feel extremely strange.
You feel the urge to shout. Harold hits you but does no damage.
It was a potion of lignification.
You turn into a tree.
Your +1 robe melds into your body.
Your roots penetrate the ground.
Harold hits you with a +0 trident.
You die...

#######.#.########.#.# #####
######.#.......##'#.# #....
#.......######.#....########.###
#..............'....#........R..
#.......######.#....#.######...#
#.......# #.#...##.# #....
#.......# #.#......# #...#
#.......# #@#############...#
#.......# #.♣................
#.......# ######....#########
********* #.............
#.....######## #.....# #.....#
#.....# #.....# #####.#


You could see Harold (weak-willed).

Vanquished Creatures
  A hornet zombie (D:7)
  A phantom (D:7)
  A bullfrog (D:5)
  A wyvern skeleton (D:7)
  An orc priest (D:6)
  An ufetubus (D:7)
  2 orcs
  5 endoplasms
  2 giant cockroaches (D:2)
  A goblin (D:2)
  2 hobgoblins
  A jackal (D:1)
  6 kobolds
  A quokka (D:2)
  5 ball pythons
  3 bats
  3 rats
37 creatures vanquished.

Vanquished Creatures (collateral kills)
  Pikel (D:7)
  Grinder (D:6)
  An orc warrior (D:6)
  A sky beast (D:6)
  A necrophage (D:6)
  2 ogres
  2 kobold brigands
  4 lemures (D:7)
  2 bullfrogs (D:7)
  3 centaur zombies
  A howler monkey (D:6)
  A bullfrog zombie (D:6)
  A jelly (D:4)
  4 orc priests
  A bullfrog skeleton (D:6)
  3 orc wizards
  An iguana (D:5)
  2 killer bee zombies
  4 gnolls
  7 adders
  A shadow imp (D:7)
  2 white imps (D:7)
  A dart slug (D:2)
  7 orcs
  6 ball pythons
  2 bats
  5 endoplasms
  3 giant cockroaches
  6 goblins
  2 hobgoblins (D:4)
  2 jackals (D:1)
  A quokka (D:1)
  4 frilled lizards
  15 kobolds
  7 rats
107 creatures vanquished.

Vanquished Creatures (others)
  An ancestor (D:6)
  2 hexers (D:7)
  2 plants
5 creatures vanquished.

Grand Total: 149 creatures vanquished

Notes
Turn   | Place    | Note
-------+----------+-------------------------------------------
     0 | D:1      | Deminshera the Ogre Summoner began the quest for the Orb.
     0 | D:1      | Reached XP level 1. HP: 16/16 MP: 3/3
   230 | D:1      | Reached XP level 2. HP: 23/24 MP: 5/5
   367 | D:1      | Learned a level 2 spell: Call Imp
   675 | D:1      | Reached XP level 3. HP: 31/31 MP: 4/7
  1351 | D:1      | Found a faded altar of an unknown god.
  1627 | D:1      | Learned a level 3 spell: Call Canine Familiar
  2370 | D:2      | You fall into a shaft and drop 1 floor!
  2538 | D:2      | Reached XP level 4. HP: 39/39 MP: 6/9
  3167 | D:3      | Learned a level 4 spell: Summon Lightning Spire
  3635 | D:3      | Found a burning altar of Makhleb.
  3819 | D:3      | Found a white marble altar of Elyvilon.
  3892 | D:3      | Identified the +6 mace "Joor" {flame, rN+ rCorr}
  3963 | D:4      | Found a staircase to the Ecumenical Temple.
  3990 | Temple   | Entered the Ecumenical Temple
  4095 | Temple   | Became a worshipper of Hepliaklqana the Forgotten
  4210 | D:4      | Reached XP level 5. HP: 45/45 MP: 7/10
  4360 | D:4      | Reached skill level 1 in Air Magic
  4737 | D:4      | Noticed an ogre
  4751 | D:4      | Killed an ogre
  4752 | D:4      | Reached XP level 6. HP: 53/53 MP: 4/12
  4870 | D:4      | Reached skill level 5 in Summonings
  5450 | D:5      | Entered Level 5 of the Dungeon
  5647 | D:5      | Identified the +1 plate armour of the Valley {*Slow rElec
                  | rC+++ Str-2}
  5653 | D:5      | Found a radiant altar of Vehumet.
  5686 | D:5      | Found a bloodstained altar of Trog.
  5708 | D:5      | Found a shadowy altar of Dithmenos.
  5803 | D:5      | Reached * piety under Hepliaklqana
  5917 | D:5      | Reached skill level 5 in Spellcasting
  5917 | D:5      | Reached XP level 7. HP: 45/53 MP: 14/14
  6263 | D:5      | Found a hide-covered altar of Uskayaw.
  6689 | D:6      | Reached ** piety under Hepliaklqana
  6691 | D:6      | Remembered your ancestor Nenetl as a hexer
  6716 | D:6      | Noticed Grinder
  6752 | D:6      | Reached skill level 1 in Fighting
  6761 | D:6      | Killed Grinder
  6762 | D:6      | Reached skill level 3 in Fighting
  6762 | D:6      | Reached XP level 8. HP: 47/67 MP: 11/15
  6871 | D:6      | Found a stormy altar of Qazlal.
  6920 | D:6      | Reached skill level 4 in Fighting
  7234 | D:6      | Reached skill level 5 in Fighting
  7704 | D:6      | Reached skill level 6 in Fighting
  7770 | D:6      | Found a basalt altar of Yredelemnul.
  7781 | D:6      | Found a glowing golden altar of the Shining One.
  7783 | D:6      | Noticed an angel
  8037 | D:7      | Reached skill level 7 in Fighting
  8187 | D:7      | Noticed Pikel
  8198 | D:7      | Killed Pikel
  8199 | D:7      | Reached skill level 8 in Fighting
  8199 | D:7      | Reached XP level 9. HP: 79/86 MP: 5/18
  8637 | D:7      | Reached skill level 5 in Air Magic
  8637 | D:7      | Reached skill level 1 in Invocations
  9204 | D:7      | Found a shimmering blue altar of Sif Muna.
  9632 | D:7      | Noticed Harold
  9694 | D:7      | HP: 2/86 [Harold (10)]
  9696 | D:7      | Gained mutation: You occasionally shout uncontrollably at
                  | your foes. [potion of mutation]
  9697 | D:7      | Slain by Harold

Illustrated notes

Levels and vault maps discovered:
D:1:      minmay_arrival_doors, layout_loops_ring,
          hellmonk_ecumenical_altar_leap_of_faith
D:2:      layout_basic, serial_bayou_pond_b,
          nicolae_concentric_dashed_squares_wild, grunt_ministairs_1
D:3:      layout_basic, marbit_many_paths, mainiacjoe_overflow_alcove_1,
          minmay_statues_item, minmay_misc_feat_more_columns
D:4:      cheibrodos_thug_alley, layout_loops_ring,
          minmay_temple_entry_enclosed_plants, minmay_crystal_room,
          guppyfry_early_lair_pool
D:5:      layout_basic, old_standard_altar, vehumet_crystals,
          nicolae_dithmenos_the_darkroom, mainiacjoe_overflow_paths
D:6:      layout_cave_pools, grunt_temple_overflow_holy_war,
          lemuel_crystal_altar, serial_rivers, chequers_serial_rivers_micro_b,
          chequers_serial_rivers_room_b, chequers_serial_rivers_small_a,
          chequers_serial_rivers_large_a, corexii_leaking_fountain, uniq_grinder
D:7:      layout_basic, lemuel_blue_sif_altar, uniq_harold, uniq_pikel
Temple:   kb_corrupted_temple

Skill      XL: |  1  2  3  4  5  6  7  8  9 |
---------------+----------------------------+-----
Dodging        | 2 |  2.0
Spellcasting   | 3 4 5 6 7 |  7.0
Stealth        | 2 |  2.0
Summonings     | 4 5 6 7 |  7.0
Air Magic      | 1 2 4 5 |  5.0
Fighting       | 3 8 |  8.0
Invocations    | 3 |  3.6

Action                   |  1- 3 |  4- 6 |  7- 9 || total
-------------------------+-------+-------+-------++-------
Melee: Unarmed           |    86 |       |       ||    86
       Spear             |    15 |    90 |       ||   105
       Trident           |       |    22 |   102 ||   124
 Cast: Summon Small Mamm |     5 |     1 |       ||     6
       Call Imp          |    23 |    12 |     9 ||    44
       Call Canine Famil |     1 |     9 |    13 ||    23
       Summon Lightning  |       |     2 |    18 ||    20
Invok: Ancestor Life: He |       |       |     1 ||     1
  Use: Scroll            |       |       |     9 ||     9
       Potion            |       |       |     3 ||     3
 Stab: Sleeping          |     1 |     4 |       ||     5
       Confused          |       |       |     1 ||     1
Armor: Robe              |    48 |    34 |    23 ||   105
Dodge: Dodged            |    72 |    41 |    33 ||   146
Block: Other             |    12 |    20 |    21 ||    53
       Reflection        |       |     1 |     1 ||     2

Table legend: (Time is in decaauts)
 A = Elapsed time spent in this place.
 B = Non-inter-level travel time spent in this place.
 C = Inter-level travel time spent in this place.
 D = Time resting spent in this place.
 E = Time spent auto-exploring this place.
 F = Levels seen in this place.
 G = Mean time per level.
                   A        B        C        D        E       F      G
               +--------+--------+--------+--------+--------+-----+--------+
         Total |   9775 |   9360 |    415 |   2416 |   5501 |   8 | 1221.9 |
       Dungeon |   9649 |   9253 |    396 |   2416 |   5418 |   7 | 1378.4 |
        Temple |    125 |    106 |     19 |      0 |     83 |   1 |  125.0 |
               +--------+--------+--------+--------+--------+-----+--------+

Top non-repeatable levels by time:
     D:7: 1744 daAuts
     D:1: 1626 daAuts
     D:6: 1517 daAuts
     D:2: 1479 daAuts
     D:4: 1381 daAuts
     D:3: 992 daAuts
     D:5: 906 daAuts
  Temple: 125 daAuts
